cohdb
Replays
Latest Replays
All Replays
Popular Replays
Top Player Replays
Match Explorer
How It Works
Community
CoH3 Stats
Reddit
Sign in to upload your games and track your stats! →
Sign in with Steam
Match 47558303
Unlisted
Match 47558303
Overview
Messages
Build Orders
End
Selects Italian Infantry
Panzergrenadier Squad
Panzergrenadier Squad
250 Light Carrier
Construct Light Support Kompanie
2.5-tonne Medical Truck
Combat Half-tracks
Construct Mechanized Kompanie
Selects Guastatori Squad
Guastatori Squad
Marder III Tank Destroyer
254 Reconnaissance Tractor
Veteran Squad Leaders
Selects Defensive Operations
Selects Territory Booby Traps
Selects Registered Artillery
Vehicle Survival Package
Guastatori Squad
Construct Panzerarmee Kommand
Marder III Tank Destroyer
Marder III Tank Destroyer
Walking Stuka Rocket Launcher
Selects Towed Cannone da 105/28 Field Howitzer
Towed Cannone da 105/28 Field Howitzer
Armored Reserves
Tiger Heavy Tank
TeamSpeakUser
LITTLE TRICKSTER
Da Cracka Whacka
Mr. Refreshing
Roarshack
Unicorn
Nazi Stomper
Selphid
0
0
Comments
sign in to comment!
No comments posted yet!